 Dungeon Crawl Stone Soup version 0.24-a0-516-g9de272bb65 (webtiles) character file.

Game seed: 9969212772251796669

761256 erloom the Middleweight Champion (level 27, -5/266 HPs)
             Began as a Ghoul Monk on July 20, 2019.
             Was the Champion of Makhleb.
             Slain by a bennu (20 damage)
             ... on level 3 of the Tomb of the Ancients on July 21, 2019.
             The game lasted 03:33:08 (59818 turns).

erloom the Middleweight Champion (Ghoul Monk)      Turns: 59818, Time: 03:33:09

Health: -5/266     AC: 47    Str: 24 (33) XL:     27
Magic:  36/36      EV: 16    Int:  3 (9)  God:    Makhleb [******]
Gold:   5468       SH:  0    Dex: 19 (21) Spells: 38/46 levels left

rFire    + + +     SeeInvis +     - Unarmed
rCold    + + +     Gourm    .   X - +5 large shield of Beogh's Supremacy {rC+ MP+9 Int+3}
rNeg     + + +     Faith    .   W - +12 gold dragon scales
rPois    ∞         Spirit   .   G - +2 helmet "Citeas" {rF+ Regen+}
rElec    +         Reflect  +   e - +2 cloak {MR+}
rCorr    .         Harm     .   (no gloves)
MR       +++++                  p - +2 pair of boots "Lylugu" {rF++ Str+2 Dex+2 Slay+2}
Stlth    ..........             n - amulet of the Sky {Reflect rElec rF+ rN+ MP-9 SH+2}
HPRegen  0.00/turn              d - ring of Rauf {rF+ MR+++ Dex-3 SInv Stlth+}
MPRegen  0.25/turn              Y - ring "Vuqongong" {EV+5 Str+4 Dex+6 SInv}

@: agile, marked, very slightly contaminated, held, rotting, slowed, studying 3
skills, very slow
A: rotting body, claws 1, carnivore, cold resistance 1, negative energy
resistance 3, inhibited regeneration, torment resistance, unbreathing
}: 5/15 runes: decaying, serpentine, slimy, silver, abyssal
a: Minor Destruction, Lesser Servant of Makhleb, Major Destruction, Greater
Servant of Makhleb, Renounce Religion


You were on level 3 of the Tomb of the Ancients.
You worshipped Makhleb.
Makhleb was exalted by your worship.
You were not hungry.

You visited 13 branches of the dungeon, and saw 57 of its levels.
You visited the Abyss 2 times.
You also visited: Trove, Gauntlet and Ice Cave.

You collected 7965 gold pieces.
You spent 2497 gold pieces at shops.

Inventory:

Hand Weapons
 A - the +3 hand crossbow of Duty {elec, Str+6}
   (You found it on level 3 of the Elven Halls)

   It charges the ammunition it shoots with electricity; occasionally upon a
   hit, such missiles may discharge and cause terrible harm.
   It affects your strength (+6).
Missiles
 x - 4 throwing nets (quivered)
Armour
 e - a +2 cloak of magic resistance (worn)
 p - the +2 pair of boots "Lylugu" (worn) {rF++ Str+2 Dex+2 Slay+2}
   (You found it on level 5 of the Depths)

   It affects your strength (+2).
   It affects your dexterity (+2).
   It affects your accuracy and damage with ranged weapons and melee attacks
   (+2).
   It greatly protects you from fire.
 G - the +2 helmet "Citeas" (worn) {rF+ Regen+}
   (You found it on level 8 of the Dungeon)

   It protects you from fire.
   It increases your rate of regeneration.
 W - +12 gold dragon scales (worn)
 X - the +5 large shield of Beogh's Supremacy (worn) {rC+ MP+9 Int+3}
   (You found it on level 3 of the Crypt)

   It affects your intelligence (+3).
   It protects you from cold.
   It affects your magic capacity (+9).
Jewellery
 d - the ring of Rauf (left claw) {rF+ MR+++ Dex-3 SInv Stlth+}
   (You found it on level 3 of the Crypt)

   [ring of see invisible]

   It affects your dexterity (-3).
   It protects you from fire.
   It affects your resistance to hostile enchantments.
   It lets you see invisible.
   It makes you more stealthy.
 g - the ring of Tender Moments {rPois rF+ Str+2 Slay+2}
   (You found it on level 3 of the Elven Halls)

   [ring of poison resistance]

   It affects your strength (+2).
   It affects your accuracy and damage with ranged weapons and melee attacks
   (+2).
   It protects you from fire.
   It protects you from poison.
 n - the amulet of the Sky (around neck) {Reflect rElec rF+ rN+ MP-9 SH+2}
   (You found it on level 3 of the Crypt)

   [amulet of reflection]

   It shields you and reflects attacks.
   It protects you from fire.
   It insulates you from electricity.
   It protects you from negative energy.
   It affects your magic capacity (-9).
   It affects your SH (+2).
 B - a +3 ring of dexterity
 Q - the ring of Tuatitz {*Slow rN+ Str+6 SInv}
   (You found it on level 5 of the Depths)

   [ring of strength]

   It affects your strength (+6).
   It protects you from negative energy.
   It lets you see invisible.
   It may slow you when you take damage.
 S - the ring "Cepux" {rC+ MR+ rCorr Int+3 Dex+4}
   (You found it on level 5 of the Depths)

   [ring of resist corrosion]

   It affects your intelligence (+3).
   It affects your dexterity (+4).
   It protects you from cold.
   It affects your resistance to hostile enchantments.
   It provides partial protection from all sources of acid and corrosion.
 Y - the ring "Vuqongong" (right claw) {EV+5 Str+4 Dex+6 SInv}
   (You acquired it on level 1 of the Elven Halls)

   [ring of evasion]

   It affects your evasion (+5).
   It affects your strength (+4).
   It affects your dexterity (+6).
   It lets you see invisible.
Wands
 q - a wand of clouds (19)
 s - a wand of digging (15)
 y - a wand of scattershot (15)
 D - a wand of iceblast (102)
 M - a wand of acid (70)
Scrolls
 f - 3 scrolls of enchant armour
 h - 8 scrolls of magic mapping
 i - a scroll of summoning
 l - 14 scrolls of teleportation
 m - 16 scrolls of remove curse
 w - 2 scrolls of torment
 z - 5 scrolls of silence
 C - 4 scrolls of blinking
 E - 10 scrolls of fog
 F - 13 scrolls of fear
 R - 7 scrolls of immolation
 Z - 6 scrolls of identify
Potions
 a - a potion of invisibility
 o - 5 potions of might
 r - 10 potions of heal wounds
 t - 6 potions of cancellation
 u - 10 potions of flight
 v - 28 potions of curing
 K - 7 potions of haste
 O - 6 potions of agility
 U - a potion of brilliance
 V - 6 potions of resistance
Books
 c - a manual of Invocations
 j - a manual of Charms
 N - a manual of Spellcasting
Miscellaneous
 k - 4 phantom mirrors
 I - 2 sacks of spiders
 L - 3 boxes of beasts
 P - a lightning rod (4/4)
 T - a lamp of fire
Comestibles
 b - 87 rations


   Skills:
 + Level 25.0 Fighting
 + Level 21.4 Armour
 + Level 12.8 Dodging
 - Level 2.1 Stealth
 + Level 18.7 Shields
 O Level 27 Unarmed Combat
 - Level 10.0 Spellcasting
 - Level 10.0 Charms
 - Level 5.0 Necromancy
 - Level 17.0 Invocations
 + Level 12.8 Evocations


You had 38 spell levels left.
You knew the following spells:

 Your Spells              Type           Power        Failure   Level  Hunger
a - Summon Butterflies    Summ           #.......     100%        1    #......
b - Regeneration          Chrm/Necr      #.........   67%         3    ###....
c - Song of Slaying       Chrm           #.......     17%         2    ###....
d - Swiftness             Chrm/Air       #.......     80%         2    ###....

Your spell library contained the following spells:

 Spells                   Type           Power        Failure   Level  Hunger
 Infusion                 Chrm           #...         12%         1    #......
 Animate Skeleton         Necr           N/A          65%         1    #......
 Pain                     Necr           #...         65%         1    #......
 Shroud of Golubria       Chrm/Tloc      #.....       80%         2    ###....
 Spectral Weapon          Hex/Chrm       #.......     95%         3    ###....
 Vampiric Draining        Necr           #.........   95%         3    ###....
 Corona                   Hex            #......      100%        1    #......
 Flame Tongue             Conj/Fire      #....        100%        1    #......
 Freeze                   Ice            #...         100%        1    #......
 Magic Dart               Conj           #...         100%        1    #......
 Sandblast                Erth           #.....       100%        1    #......
 Shock                    Conj/Air       #...         100%        1    #......
 Sting                    Conj/Pois      #...         100%        1    #......
 Summon Small Mammal      Summ           #...         100%        1    #......
 Blink                    Tloc           N/A          100%        2    ###....
 Call Imp                 Summ           #.......     100%        2    ###....
 Ensorcelled Hibernation  Hex/Ice        #.....       100%        2    ###....
 Passwall                 Tmut/Erth      #.......     100%        2    ###....
 Poisonous Vapours        Pois/Air       #.....       100%        2    ###....
 Searing Ray              Conj           #.....       100%        2    ###....
 Slow                     Hex            #.......     100%        2    ###....
 Sticks to Snakes         Tmut           #.......     100%        2    ###....
 Throw Flame              Conj/Fire      #.....       100%        2    ###....
 Call Canine Familiar     Summ           #.......     100%        3    ###....
 Confuse                  Hex            #.......     100%        3    ###....
 Conjure Flame            Conj/Fire      #.......     100%        3    ###....
 Dazzling Spray           Conj/Hex       #.....       100%        3    ###....
 Gell's Gravitas          Tloc           #.........   100%        3    ###....
 Ignite Poison            Fire/Tmut/Pois #.......     100%        3    ###....
 Inner Flame              Hex/Fire       #.......     100%        3    ###....
 Lesser Beckoning         Tloc           #.........   100%        3    ###....
 Mephitic Cloud           Conj/Pois/Air  #.......     100%        3    ###....
 Portal Projectile        Hex/Tloc       #.....       100%        3    ###....
 Recall                   Summ/Tloc      N/A          100%        3    ###....
 Static Discharge         Conj/Air       #.......     100%        3    ###....
 Stone Arrow              Conj/Erth      #.....       100%        3    ###....
 Summon Guardian Golem    Hex/Summ       #.......     100%        3    ###....
 Tukima's Dance           Hex            #.......     100%        3    ###....
 Airstrike                Air            #.........   100%        4    #####..
 Animate Dead             Necr           N/A          100%        4    #####..
 Cause Fear               Hex            #.........   100%        4    #####..
 Force Lance              Conj/Tloc      #.......     100%        4    #####..
 Fulminant Prism          Conj/Hex       #.........   100%        4    #####..
 Leda's Liquefaction      Hex/Erth       #.........   100%        4    #####..
 Passage of Golubria      Tloc           N/A          100%        4    #####..
 Petrify                  Tmut/Erth      #.......     100%        4    #####..
 Sticky Flame             Conj/Fire      #.......     100%        4    #####..
 Summon Ice Beast         Ice/Summ       #.......     100%        4    #####..
 Summon Lightning Spire   Summ/Air       #.......     100%        4    #####..
 Aura of Abjuration       Summ           #.........   100%        5    ######.
 Bolt of Draining         Conj/Necr      #.........   100%        5    ######.
 Bolt of Magma            Conj/Fire/Erth #.........   100%        5    ######.
 Borgnjor's Vile Clutch   Necr/Erth      #.........   100%        5    ######.
 Dispel Undead            Necr           #.......     100%        5    ######.
 Fireball                 Conj/Fire      #.........   100%        5    ######.
 Irradiate                Conj/Tmut      #.........   100%        5    ######.
 Iskenderun's Battlesphe  Conj/Chrm      #.......     100%        5    ######.
 Lee's Rapid Deconstruct  Erth           #.........   100%        5    ######.
 Lightning Bolt           Conj/Air       #.........   100%        5    ######.
 Metabolic Englaciation   Hex/Ice        #.........   100%        5    ######.
 Silence                  Hex/Air        #.........   100%        5    ######.
 Summon Demon             Summ           #.........   100%        5    ######.
 Summon Forest            Summ/Tloc      #.........   100%        5    ######.
 Summon Mana Viper        Hex/Summ       #.......     100%        5    ######.
 Venom Bolt               Conj/Pois      #.........   100%        5    ######.
 Bolt of Cold             Conj/Ice       #.........   100%        6    #######
 Bolt of Fire             Conj/Fire      #.........   100%        6    #######
 Darkness                 Hex            #.........   100%        6    #######
 Death Channel            Necr           #.........   100%        6    #######
 Deflect Missiles         Chrm/Air       #.........   100%        6    #######
 Dispersal                Tloc           #.........   100%        6    #######
 Freezing Cloud           Conj/Ice/Air   #.........   100%        6    #######
 Invisibility             Hex            #.......     100%        6    #######
 Iron Shot                Conj/Erth      #.........   100%        6    #######
 Ozocubu's Refrigeration  Ice            #.........   100%        6    #######
 Poison Arrow             Conj/Pois      #.........   100%        6    #######
 Shadow Creatures         Summ           N/A          100%        6    #######
 Simulacrum               Ice/Necr       #.........   100%        6    #######
 Malign Gateway           Summ/Tloc      #.........   100%        7    #######
 Orb of Destruction       Conj           #.........   100%        7    #######
 Ring of Flames           Chrm/Fire      #.........   100%        7    #######
 Spellforged Servitor     Conj/Summ      #.........   100%        7    #######
 Controlled Blink         Tloc           N/A          100%        8    #######
 Discord                  Hex            #.........   100%        8    #######
 Disjunction              Tloc           #.........   100%        8    #######
 Ignition                 Fire           #.........   100%        8    #######
 Dragon's Call            Summ           #.........   100%        9    #######
 Fire Storm               Conj/Fire      #.........   100%        9    #######
 Glaciate                 Conj/Ice       #.........   100%        9    #######
 Shatter                  Erth           #.........   100%        9    #######
 Tornado                  Air            #.........   100%        9    #######
 Beastly Appendage        Tmut           Unusable     N/A         1    N/A
 Spider Form              Tmut/Pois      Unusable     N/A         3    N/A
 Ice Form                 Ice/Tmut       Unusable     N/A         4    N/A
 Blade Hands              Tmut           Unusable     N/A         5    N/A
 Statue Form              Tmut/Erth      Unusable     N/A         6    N/A
 Dragon Form              Tmut           Unusable     N/A         7    N/A

Dungeon Overview and Level Annotations

Branches:
Dungeon (15/15)            Temple (1/1) D:7            Lair (6/6) D:11
  Swamp (4/4) Lair:2        Snake (4/4) Lair:2        Slime (5/5) Lair:6
    Orc (2/2) D:12            Elf (3/3) Orc:2        Vaults (5/5) D:13
  Crypt (3/3) Vaults:2       Tomb (3/3) Crypt:3      Depths (5/5) D:15
   Hell (1/1)                 Dis (0/7) Hell            Geh (0/7) Hell
    Coc (0/7) Hell            Tar (0/7) Hell            Zot (0/5) Depths:5

Altars:
Ashenzari
Cheibriados
Dithmenos
Elyvilon
Fedhas
Gozag
Hepliaklqana
Makhleb
Okawaru
Qazlal
Ru
Sif Muna
Trog
Uskayaw
Xom
Yredelemnul
Zin
The Shining One
Beogh
Jiyva

Shops:
Orc:1 [   Orc:2 *?}}   Vaults:2 %   Vaults:3 *%(!   Vaults:4 %   Depths:5 [[

Portals:
Hell: Depths:1 Depths:2 Depths:3 Depths:4 Depths:5
Abyss: Depths:1 Depths:2 Depths:3 Depths:4 Depths:5
Pandemonium: Depths:3 Depths:5
Ziggurat: Tomb:3 Depths:1

Annotations:
D:8 exclusion: 2 oklob plants
Lair:4 exclusion: oklob plant
Swamp:1 exclusion: Roxanne, Roxanne
Vaults:1 exclusion: orange crystal statue
Vaults:2 Xeplikar's ghost, adept GnWn


Innate Abilities, Weirdness & Mutations

Your body is rotting away.
You thrive on raw meat.
You are immune to poison.
You have sharp fingernails.
You are carnivorous and can eat meat at any time.
Your flesh is cold resistant. (rC+)
You are immune to negative energy. (rN+++)
You do not regenerate when monsters are visible.
You are immune to unholy pain and torment.
You can survive without breathing.


Message History

The death scarab bites you but does no damage.
The death scarab closely misses you. The death scarab barely misses you.
The bennu's plumage briefly flares with an otherwordly flame.
The bennu barely misses you.
The bennu claws you but does no damage. x2
The death scarab bites you but does no damage.
The bennu pecks you but does no damage. The bennu barely misses you.
The bennu claws you but does no damage.
The ancient champion hits you but does no damage.
The death scarab misses you. The bennu completely misses you.
The bennu barely misses you. The bennu claws you but does no damage.
The guardian mummy hits you but does no damage.
The greater mummy mumbles some strange words.
The death scarab bites you!
* * * LOW HITPOINT WARNING * * *
The death scarab drains your vigour!
You feel as though you will be slow longer.
The bennu pecks you.
* * * LOW HITPOINT WARNING * * *
The bennu sears you!!
You die...

^...##....$$}=)##
M...##.....$!["[##
M..^#.......$[""[##
sZMM#.......$$)|):##
§s..'......s$4)|))[##
MWs.#§§...W.)b$}})))#
.M.?#....W.bWZWsn$zM#
.M..##.....MWWbzsbnW#
MM..##....§§3zMb@MM$#
sM.M.##..°°§4WssbMZW#
ssM.MM##<°.☼.4zsVM.##
sz.M..4##.○§ssMM.^.#
##.s.s.s.###
##...%### ###L##


Mbz. ^.. . You could see 5 greater mummies, 7 emperor scorpions, an ancient
lich, 7 bennus, 2 ancient champions, a mummy priest (inner flame), a jiangshi, a
flayed ghost, a shadow wraith (invisible), a hellwing, 2 guardian mummies, a
freezing wraith, a sixfirhy, 5 wraiths, 4 death scarabs, 2 red devils, 2
necrophages, a shadow, a flying skull, 2 mummies, a wight, a shadow dragon
zombie and a storm dragon zombie.

Vanquished Creatures
  the Royal Jelly (Slime:5)
  6 ancient liches
  Khufu (Tomb:2)
  Mara (Crypt:1)
  2 juggernauts
  Margery (Depths:5)
  23 greater mummies
  A curse toe (Crypt:3)
  A caustic shrike (Depths:1)
  Geryon (Hell)
  Nikola (Elf:2)
  2 golden dragons (Vaults:5)
  A bone dragon (Crypt:3)
  the Enchantress (Depths:5)
  Rupert (D:15)
  A hellephant (Hell)
  2 tentacled monstrosities
  The ghost of Nimomuku the Tortoise, an adept GrFi of Makhleb (Crypt:1)
  The ghost of Jyumazes the Tortoise, an adept GrFi of Makhleb (Crypt:3)
  2 quicksilver dragons (Vaults:5)
  2 deep elf master archers (Elf:3)
  8 titans
  6 liches
  A deep elf blademaster (Elf:3)
  23 acid blobs
  8 sphinxes
  6 ancient champions
  Kirke (Lair:6)
  8 shadow dragons
  3 storm dragons
  2 thorn hunters
  6 tengu reavers
  2 revenants
  11 azure jellies
  16 nagarajas (Snake:4)
  7 fire giants
  The ghost of adept the Peltast, an adept FoEE of Ru (D:15)
  12 deep elf sorcerers
  A draconian scorcher (Depths:5)
  4 iron dragons
  19 vault wardens
  An orc warlord (Depths:5)
  15 frost giants
  A curse skull (Crypt:1)
  4 balrugs
  Louise (D:15)
  8 deep elf elementalists
  8 spriggan defenders
  2 draconian annihilators (Depths:5)
  Aizul (Swamp:4)
  5 ghouls
  3 war gargoyles
  A caustic shrike skeleton (Crypt:2)
  7 reapers
  21 ironheart preservers
  22 stone giants
  25 very ugly things
  Nessos (Lair:4)
  The ghost of kuniqs the Eclecticist, a journeyman DEWz of Vehumet (Lair:6)
  13 deep elf demonologists
  9 vampire knights
  6 bennus
  Azrael (D:15)
  A minotaur (Gauntlet)
  A lorocyproca (Abyss:2)
  4 spark wasps
  10 deep elf annihilators
  6 eidola
  The ghost of Ijustatesigmund the Fighter, a journeyman OgFi (D:12)
  20 ettins
  5 death oozes (Slime:5)
  17 deep elf death magi
  3 blizzard demons
  14 mummy priests
  14 fire dragons
  A great orb of eyes (shapeshifter) (Depths:1)
  3 deep elf high priests
  12 jiangshi
  22 ogre magi
  12 yaktaur captains
  A quicksilver dragon skeleton (Crypt:3)
  9 ice dragons
  11 great orbs of eyes
  20 naga warriors
  5 spriggan air magi
  41 vault guards
  28 hydras
  5 rakshasas
  A catoblepas (Depths:4)
  5 death knights
  2 shambling mangroves
  8 ghost crabs
  35 two-headed ogres
  15 alligators
  5 anacondas
  31 dancing weapons
  7 centaur warriors
  3 death yaks (D:11)
  8 deep troll earth magi
  9 deep troll shamans
  An alligator snapping turtle (shapeshifter) (Vaults:4)
  49 death scarabs
  14 spriggan berserkers
  5 soul eaters
  4 hell hogs (Hell)
  A titan zombie (Crypt:1)
  5 vampire magi
  6 orc high priests
  8 shock serpents
  7 tengu warriors
  21 hell knights
  14 naga sharpshooters
  Nergalle (Lair:4)
  An iron golem (Hell)
  10 sun demons
  A fire crab (shapeshifter) (Vaults:3)
  A titan skeleton (Depths:2)
  3 wretched stars
  24 deep elf knights
  3 iron trolls (Hell)
  4 shadow wraiths
  24 skeletal warriors
  7 naga ritualists (Snake:4)
  19 deep trolls
  5 spriggan druids
  A sea snake (Snake:1)
  5 glowing orange brains
  5 swamp dragons (Swamp:4)
  An infernal demonspawn (Depths:3)
  3 unseen horrors
  25 deep elf archers
  A harpy (shapeshifter) (Vaults:1)
  11 phantasmal warriors
  9 flayed ghosts
  An orange crystal statue (Abyss:3)
  15 necromancers
  11 wizards
  18 ironbrand convokers
  14 orc knights
  9 mana vipers
  A sphinx zombie (Hell)
  An anaconda skeleton (Crypt:2)
  3 harpies (Depths:5)
  8 orc sorcerers
  3 wolf spiders
  An iron dragon zombie (Crypt:1)
  A mana viper (shapeshifter) (Depths:4)
  2 stone giant zombies
  61 ugly things
  66 deep elf magi
  An oklob plant (Lair:3)
  2 fire giant zombies
  6 shining eyes
  8 salamanders
  6 cyclopes
  2 manticores
  2 salamanders (shapeshifter)
  Joseph (D:9)
  8 guardian serpents
  15 black mambas
  An alligator snapping turtle zombie (Crypt:1)
  6 elephants (Lair:6)
  A moth of wrath (Gauntlet)
  5 apocalypse crabs (Swamp:1)
  8 rust devils
  3 smoke demons
  Psyche (D:9)
  3 eyes of devastation (Slime:4)
  16 vault sentinels
  A frost giant skeleton (Depths:2)
  2 ice statues
  2 stone giant skeletons
  A black mamba (shapeshifter) (Vaults:4)
  3 human skeletons
  2 gargoyles
  A torpor snail (Gauntlet)
  A water nymph (shapeshifter) (Depths:2)
  A molten gargoyle (Hell)
  17 naga magi
  An orange demon (Depths:3)
  5 centaur skeletons
  A spriggan zombie (Hell)
  3 kobold demonologists
  11 spiny frogs
  7 human zombies
  29 yaktaurs
  A grey draconian zombie (Crypt:2)
  2 anaconda simulacra
  11 ice devils
  A yaktaur zombie (Hell)
  6 rime drakes (Lair:6)
  A purple draconian zombie (Crypt:1)
  3 komodo dragons
  A hydra zombie (Hell)
  13 freezing wraiths
  An alligator snapping turtle skeleton (Crypt:2)
  2 ancient zymes
  4 demonic crawlers
  28 guardian mummies
  4 red devils
  2 death yak skeletons
  A tengu conjurer (D:14)
  3 polar bears
  A meliai (shapeshifter) (Vaults:4)
  8 tyrant leeches
  22 hornets
  6 trolls
  2 hellwings
  22 blink frogs
  A queen bee (shapeshifter) (Depths:1)
  An ettin zombie (Crypt:3)
  A satyr zombie (Crypt:1)
  86 slime creatures
  2 deep troll zombies (Hell)
  7 dream sheep (Lair:6)
  7 bog bodies
  An elf zombie (Hell)
  An ice dragon zombie (Crypt:1)
  A blink frog (shapeshifter) (Vaults:4)
  2 hydra skeletons (Hell)
  A guardian serpent zombie (Crypt:3)
  2 human simulacra
  8 hippogriffs
  A meliai zombie (D:12)
  A fire dragon skeleton (Crypt:2)
  A ynoxinul (Vaults:2)
  5 air elementals
  15 flying skulls
  8 shadows
  6 vampires
  A water elemental (Hell)
  2 dire elephant simulacra (IceCv)
  A spriggan skeleton (Depths:2)
  2 ice dragon skeletons
  An elf simulacrum (Vaults:5)
  A tyrant leech zombie (Crypt:1)
  13 fire elementals
  28 spriggans
  3 wyverns
  2 hogs (shapeshifter)
  4 alligator skeletons
  4 basilisks
  2 humans
  36 yaks
  15 ushabtiu
  11 wraiths
  Grum (D:9)
  A basilisk (shapeshifter) (Depths:4)
  3 hungry ghosts
  A golden eye (shapeshifter) (Vaults:3)
  2 chaos spawn
  5 neqoxecs
  3 golden eyes (Slime:4)
  8 vampire mosquitoes
  2 death yak simulacra
  14 swamp worms
  A faun zombie (Crypt:2)
  A swamp worm (shapeshifter) (Vaults:4)
  4 insubstantial wisps (Swamp:1)
  77 nagas
  5 small abominations
  2 iron troll simulacra (IceCv)
  6 harpy simulacra (IceCv)
  A spiny frog zombie (Hell)
  A tengu zombie (Hell)
  8 wargs
  2 soldier ants (D:14)
  13 water moccasins
  2 soldier ants (shapeshifter) (Depths:1)
  14 porcupines
  3 hell hounds (D:15)
  6 hydra simulacra
  5 black bears
  2 floating eyes (Depths:5)
  An eye of draining (shapeshifter) (Depths:1)
  67 orc warriors
  17 swamp drakes
  An ice beast (shapeshifter) (Depths:1)
  A spiny frog skeleton (Hell)
  4 large abominations
  A sky beast (D:8)
  3 phantoms
  8 eyes of draining
  2 necrophages
  7 ice beasts
  An alligator simulacrum (Crypt:1)
  10 centaurs
  A fire dragon simulacrum (Crypt:1)
  A manticore zombie (Crypt:1)
  23 starcursed masses
  13 boggarts
  32 wolves
  A lindwurm zombie (Crypt:3)
  An orc skeleton (Vaults:1)
  39 ogres
  10 crocodiles
  A manticore skeleton (Tomb:2)
  A rime drake zombie (Crypt:1)
  3 big kobolds
  17 bullfrogs
  An octopode zombie (Crypt:2)
  6 earth elementals
  A deep troll simulacrum (Vaults:1)
  3 wyvern zombies
  A warg zombie (Crypt:1)
  6 scorpions
  4 wyvern skeletons
  2 dream sheep simulacra (Lair:6)
  11 wights
  A scorpion (shapeshifter) (Vaults:5)
  A snapping turtle simulacrum (Crypt:1)
  11 killer bees
  2 electric eels
  7 howler monkeys
  A lava snake (Lair:1)
  12 crimson imps
  A bullfrog zombie (D:9)
  A komodo dragon simulacrum (Lair:6)
  3 quasits
  4 draconian simulacra (IceCv)
  8 jellies
  A gnoll shaman (D:4)
  32 orc priests
  3 hounds
  4 iguanas
  35 orc wizards
  Crazy Yiuf (D:5)
  3 bullfrog skeletons
  An iron imp (Hell)
  9 hell rats
  A polar bear simulacrum (IceCv)
  2 troll simulacra (IceCv)
  3 worker ants
  A spriggan simulacrum (IceCv)
  2 wolf simulacra (IceCv)
  2 killer bee zombies (D:5)
  2 centaur simulacra (IceCv)
  An ogre skeleton (Crypt:3)
  3 hound zombies
  3 hound skeletons
  61 mummies
  8 gnolls
  A naga simulacrum (IceCv)
  8 adders
  3 ogre simulacra (IceCv)
  A river rat (D:11)
  5 shadow imps
  4 white imps (IceCv)
  8 ufetubi
  11 oozes (Lair:3)
  A lava snake zombie (Crypt:3)
  2 adder skeletons (D:4)
  An adder zombie (D:7)
  A worm (D:3)
  3 dart slugs
  5 leopard geckos
  128 orcs
  2 ball pythons
  5 bats
  6 giant cockroaches
  3 goblins
  5 hobgoblins
  4 jackals (D:5)
  7 quokkas
  3 frilled lizards
  A frilled lizard zombie (Crypt:2)
  A jackal zombie (Crypt:2)
  21 kobolds
  5 rats
  A briar patch (Swamp:3)
  A crawling corpse (Elf:3)
  A fungus (Elf:3)
  A lurking horror (Abyss:3)
  3 starspawn tentacles (Abyss:3)
2851 creatures vanquished.

Vanquished Creatures (collateral kills)
  Vashnia (Snake:2)
  A tentacled monstrosity (Vaults:5)
  A titan (Vaults:5)
  Donald (Snake:2)
  A fire giant (Vaults:5)
  An orc warlord (Orc:2)
  A stone giant (Vaults:5)
  An ettin (Vaults:5)
  A naga warrior (Snake:4)
  A hydra (Lair:6)
  A naga sharpshooter (Snake:2)
  A large abomination (Gauntlet)
  An orc knight (Vaults:5)
  An orc sorcerer (Vaults:5)
  A tyrant leech (D:10)
  A blink frog (Lair:3)
  2 nagas (Snake:4)
  A black bear (Lair:6)
  A wolf (Lair:6)
  2 small abominations (Gauntlet)
  2 orc priests (Orc:2)
  An ooze (Lair:3)
  4 orcs
29 creatures vanquished.

Vanquished Creatures (others)
  2 stone giants
  An ettin (Vaults:4)
  2 yaktaur captains (Vaults:5)
  A centaur warrior (D:15)
  2 spriggans
  A deep elf knight (Elf:1)
  3 naga sharpshooters
  8 deep elf archers
  3 deep elf magi
  A cyclops (D:13)
  9 yaktaurs
  A tyrant leech (Swamp:3)
  2 hornets
  4 humans (Lair:6)
  A golden eye (Slime:4)
  A naga (Snake:3)
  2 orc warriors
  2 boggarts
  An ogre (Vaults:1)
  A crocodile (Lair:6)
  2 centaurs (Depths:1)
  An orc wizard (Vaults:4)
  A hell rat (Hell)
  2 mummies (Tomb:1)
  3 white imps (IceCv)
  4 ufetubi (IceCv)
  2 orcs
  A kobold (D:11)
  A ball python (shapeshifter) (Vaults:4)
  3 briar patches
  A demonic plant (Gauntlet)
  20 fungi
  2 plants
  2 starspawn tentacles (Abyss:3)
93 creatures vanquished.

Grand Total: 2973 creatures vanquished

Notes
Turn   | Place    | Note
-------+----------+-------------------------------------------
     0 | D:1      | erloom the Ghoul Monk began the quest for the Orb.
     0 | D:1      | Reached XP level 1. HP: 19/19 MP: 0/0
   208 | D:1      | Reached XP level 2. HP: 23/26 MP: 1/1
   604 | D:1      | Reached skill level 4 in Unarmed Combat
   806 | D:2      | Reached XP level 3. HP: 28/33 MP: 2/2
   823 | D:2      | Found a blossoming altar of Fedhas.
  1245 | D:3      | Reached XP level 4. HP: 24/40 MP: 3/3
  1267 | D:3      | Reached skill level 5 in Unarmed Combat
  1380 | D:3      | Reached XP level 5. HP: 40/46 MP: 4/4
  1822 | D:3      | Reached skill level 6 in Unarmed Combat
  1844 | D:3      | Reached XP level 6. HP: 11/54 MP: 5/5
  1901 | D:3      | Reached skill level 1 in Armour
  2387 | D:3      | Reached skill level 5 in Fighting
  3057 | D:5      | Entered Level 5 of the Dungeon
  3130 | D:5      | Reached XP level 7. HP: 59/61 MP: 6/6
  3138 | D:5      | Reached skill level 7 in Unarmed Combat
  3361 | D:5      | Found a runed translucent door.
  3362 | D:5      | Noticed Crazy Yiuf
  3381 | D:5      | Killed Crazy Yiuf
  3424 | D:5      | Reached XP level 8. HP: 68/70 MP: 7/7
  3479 | D:5      | Found an opulent altar of Gozag.
  3566 | D:5      | Reached skill level 8 in Unarmed Combat
  3592 | D:5      | Found a glowing silver altar of Zin.
  3960 | D:6      | Reached skill level 9 in Unarmed Combat
  3994 | D:6      | Found an iron altar of Okawaru.
  4097 | D:6      | Reached XP level 9. HP: 57/79 MP: 8/8
  4258 | D:6      | Reached skill level 10 in Unarmed Combat
  4666 | D:7      | Reached skill level 5 in Armour
  4832 | D:7      | Reached skill level 11 in Unarmed Combat
  4940 | D:7      | Reached XP level 10. HP: 82/90 MP: 9/9
  4962 | D:7      | Found a staircase to the Ecumenical Temple.
  4968 | Temple   | Entered the Ecumenical Temple
  5032 | Temple   | Became a worshipper of Makhleb the Destroyer
  5032 | Temple   | Reached * piety under Makhleb
  5032 | Temple   | Reached ** piety under Makhleb
  5321 | D:7      | Reached skill level 1 in Invocations
  5412 | D:8      | Noticed an oklob plant
  5415 | D:8      | Noticed an oklob plant
  6008 | D:9      | Noticed Joseph
  6088 | D:8      | Reached skill level 12 in Unarmed Combat
  6133 | D:9      | Killed Joseph
  6222 | D:8      | Got a faintly humming helmet
  6233 | D:8      | Identified the +2 helmet "Citeas" {rF+ Regen+} (You found
                  | it on level 8 of the Dungeon)
  6235 | D:8      | Upgraded the game from 0.24-a0-513-g284f782df5 to
                  | 0.24-a0-516-g9de272bb65
  6255 | D:8      | Reached *** piety under Makhleb
  6448 | D:9      | Noticed Psyche
  6468 | D:9      | Killed Psyche
  6764 | D:9      | Found a basalt altar of Yredelemnul.
  6886 | D:9      | Noticed Grum
  6899 | D:9      | Killed Grum
  6907 | D:9      | Reached XP level 11. HP: 87/97 MP: 11/11
  7097 | D:10     | Entered Level 10 of the Dungeon
  7145 | D:10     | Reached skill level 13 in Unarmed Combat
  7367 | D:10     | Found the +12 Vampire's Tooth {vamp}
  7446 | D:10     | Reached skill level 10 in Fighting
  7679 | D:10     | Reached **** piety under Makhleb
  8471 | D:11     | Killed an unseen horror
  8471 | D:11     | Reached skill level 1 in Evocations
  8483 | D:11     | Noticed a cyclops
  8488 | D:11     | Noticed a death yak
  8494 | D:11     | Noticed a death yak
  8499 | D:11     | Noticed a death yak
  8508 | D:11     | Killed a death yak
  8514 | D:11     | Killed a death yak
  8514 | D:11     | Reached skill level 14 in Unarmed Combat
  8521 | D:11     | Noticed a brown ugly thing
  8536 | D:11     | Found a staircase to the Lair.
  8539 | D:11     | Killed a cyclops
  8548 | D:11     | Killed a cyan ugly thing
  8552 | D:11     | Killed a death yak
  8824 | D:11     | Reached ***** piety under Makhleb
  8824 | D:11     | Reached XP level 12. HP: 103/106 MP: 14/14
  9229 | Lair:1   | Entered Level 1 of the Lair of Beasts
  9229 | Lair:1   | Found a gate leading to a gauntlet.
  9234 | Gauntlet | Entered a Gauntlet
  9234 | Gauntlet | Found a transporter.
  9234 | Gauntlet | Found a transporter.
  9238 | Gauntlet | Found a transporter.
  9238 | Gauntlet | Found a transporter.
  9245 | Gauntlet | Found a transporter.
  9259 | Gauntlet | Found a transporter.
  9263 | Gauntlet | Found a large runed translucent door.
  9264 | Gauntlet | Found a large runed translucent door.
  9265 | Gauntlet | Found a large runed translucent door.
  9265 | Gauntlet | Found a large runed translucent door.
  9265 | Gauntlet | Found a large runed translucent door.
  9266 | Gauntlet | Found a runed translucent door.
  9279 | Gauntlet | Found a transporter.
  9280 | Gauntlet | Found a transporter.
  9287 | Gauntlet | Noticed a great orb of eyes
  9289 | Gauntlet | Found a transporter.
  9289 | Gauntlet | Found a transporter.
  9356 | Gauntlet | Reached skill level 5 in Invocations
  9385 | Gauntlet | Found a transporter.
  9389 | Gauntlet | Found a runed translucent door.
  9391 | Gauntlet | Found a large runed translucent door.
  9392 | Gauntlet | Found a large runed translucent door.
  9392 | Gauntlet | Found a large runed translucent door.
  9392 | Gauntlet | Found a large runed translucent door.
  9392 | Gauntlet | Found a large runed translucent door.
  9392 | Gauntlet | Found a large runed translucent door.
  9392 | Gauntlet | Found a large runed translucent door.
  9393 | Gauntlet | Found a large runed translucent door.
  9393 | Gauntlet | Found a large runed translucent door.
  9394 | Gauntlet | Found a large runed translucent door.
  9394 | Gauntlet | Found a large runed translucent door.
  9450 | Gauntlet | Reached skill level 15 in Unarmed Combat
  9464 | Gauntlet | Found a runed translucent gate.
  9480 | Gauntlet | Found a transporter.
  9480 | Gauntlet | Found a runed translucent gate.
  9481 | Gauntlet | Found a runed translucent gate.
  9481 | Gauntlet | Found a transporter.
  9512 | Gauntlet | Got a translucent lead ring
  9529 | Gauntlet | Got a translucent scale mail
  9549 | Gauntlet | Identified the ring "Liw Wuib" {+Inv Int+5 Stlth-} (You
                  | found it in a Gauntlet)
  9560 | Gauntlet | Identified the cursed +1 scale mail of the Lion {rElec
                  | Int+6 Dex+2} (You found it in a Gauntlet)
  9604 | Gauntlet | Noticed a minotaur
  9627 | Gauntlet | Killed a minotaur
  9635 | Gauntlet | Got an ancient ring mail
  9646 | Gauntlet | Identified the +3 ring mail of Trog's Condemnation {Str+3
                  | Dex+3} (You found it in a Gauntlet)
 10424 | Lair:2   | Found a staircase to the Swamp.
 10540 | Lair:2   | Found a staircase to the Snake Pit.
 10739 | Lair:2   | Noticed a four-headed hydra
 10754 | Lair:2   | Killed a four-headed hydra
 10754 | Lair:2   | Reached skill level 16 in Unarmed Combat
 10973 | Lair:2   | Reached XP level 13. HP: 109/114 MP: 15/15
 12041 | Lair:4   | Reached skill level 10 in Armour
 12600 | Lair:4   | Noticed Nessos
 12616 | Lair:4   | Killed Nessos
 12870 | Lair:4   | Noticed Nergalle
 12879 | Lair:4   | Killed Nergalle
 13248 | Lair:4   | Reached skill level 17 in Unarmed Combat
 13394 | Lair:5   | Identified the Grimoire of the Frostbite and Creation
 13745 | Lair:5   | Got an encrusted cloak
 13757 | Lair:5   | Identified the +2 cloak of Resourcefulness {rElec Str-5
                  | Dex+4} (You found it on level 5 of the Lair of Beasts)
 14033 | Lair:6   | Entered Level 6 of the Lair of Beasts
 14087 | Lair:6   | Reached XP level 14. HP: 125/125 MP: 18/18
 14099 | Lair:6   | Noticed Kirke
 14120 | Lair:6   | Killed Kirke
 14137 | Lair:6   | Noticed kuniqs's ghost (journeyman DEWz)
 14171 | Lair:6   | Found a runed translucent gate.
 14171 | Lair:6   | Found a runed translucent gate.
 14171 | Lair:6   | Found a runed translucent gate.
 14176 | Lair:6   | Found a viscous altar of Jiyva.
 14177 | Lair:6   | Found a staircase to the Slime Pits.
 14323 | Lair:6   | Reached skill level 1 in Shields
 14908 | Lair:6   | Reached ****** piety under Makhleb
 15082 | Lair:6   | Reached skill level 18 in Unarmed Combat
 15621 | Lair:6   | Killed kuniqs's ghost
 15716 | Lair:6   | Got the ring "Pitevver" {Fire}
 15727 | Lair:6   | Identified the ring "Pitevver" {Fire rPois rN+ Str+4 Dex+2}
                  | (You found it on level 6 of the Lair of Beasts)
 15925 | D:12     | Found a staircase to the Orcish Mines.
 16185 | D:12     | Found a roughly hewn altar of Beogh.
 16234 | Orc:1    | Entered Level 1 of the Orcish Mines
 16425 | Orc:1    | Found Rutzasim's Antique Armour Shop.
 16535 | Orc:2    | Entered Level 2 of the Orcish Mines
 16779 | Orc:2    | Reached XP level 15. HP: 134/134 MP: 20/20
 16820 | Orc:1    | Reached skill level 5 in Evocations
 17066 | Orc:2    | Found a roughly hewn altar of Beogh.
 17178 | Orc:2    | Found Riguutel's General Store.
 17187 | Orc:2    | Bought a scroll of magic mapping for 45 gold pieces
 17187 | Orc:2    | Bought a potion of curing for 39 gold pieces
 17193 | Orc:2    | Found Fathuabipp's Magic Scroll Shoppe.
 17210 | Orc:2    | Bought a scroll of enchant armour for 90 gold pieces
 17210 | Orc:2    | Bought a scroll of identify for 24 gold pieces
 17210 | Orc:2    | Bought a scroll of enchant armour for 90 gold pieces
 17210 | Orc:2    | Bought a scroll of teleportation for 36 gold pieces
 17210 | Orc:2    | Bought a scroll of teleportation for 36 gold pieces
 17210 | Orc:2    | Bought a scroll of teleportation for 36 gold pieces
 17210 | Orc:2    | Bought a scroll of identify for 24 gold pieces
 17616 | Orc:2    | Noticed an orc warlord
 17646 | Orc:2    | Killed an orc warlord
 17847 | Orc:2    | Found Vawkefew's Gadget Shop.
 17867 | Orc:2    | Bought a wand of digging (6) for 280 gold pieces
 17886 | Orc:2    | Found Lolarext's Gadget Emporium.
 17913 | Orc:2    | Found a roughly hewn altar of Beogh.
 18177 | Orc:2    | Found a staircase to the Elven Halls.
 18512 | Orc:1    | Bought a glowing chain mail for 240 gold pieces
 18586 | Orc:2    | Bought a +4 chain mail of fire resistance for 409 gold
                  | pieces
 18664 | Orc:2    | Bought a wand of acid (10) for 392 gold pieces
 18808 | D:12     | Found a runed translucent door.
 18809 | D:12     | Noticed Ijustatesigmund's ghost (journeyman OgFi)
 18826 | D:12     | Killed Ijustatesigmund's ghost
 19204 | D:13     | Reached skill level 19 in Unarmed Combat
 19230 | D:13     | Reached skill level 5 in Shields
 19913 | D:13     | Found a gate to the Vaults.
 20458 | D:14     | Reached XP level 16. HP: 132/144 MP: 22/22
 20467 | D:14     | Cast into level 2 of the Abyss (a wizard)
 20528 | D:14     | Escaped the Abyss
 20728 | D:14     | Found a shadowy altar of Dithmenos.
 20845 | D:15     | Entered Level 15 of the Dungeon
 20944 | D:15     | Found a runed translucent gate.
 20945 | D:15     | Found a runed translucent gate.
 20946 | D:15     | Found a runed translucent gate.
 20946 | D:15     | Noticed adept's ghost (adept FoEE)
 21023 | D:15     | Noticed Louise
 21065 | D:15     | Killed Louise
 21140 | D:15     | Noticed Azrael
 21176 | D:15     | Reached skill level 10 in Invocations
 21187 | D:15     | Killed Azrael
 21356 | D:15     | Found a staircase to the Depths.
 21614 | D:15     | Noticed Rupert
 21615 | D:15     | Paralysed by Rupert for 7 turns
 21630 | D:15     | Killed Rupert
 21830 | D:15     | Killed adept's ghost
 22023 | Swamp:1  | Entered Level 1 of the Swamp
 22204 | Swamp:1  | Found a runed translucent door.
 22266 | Swamp:1  | Reached skill level 20 in Unarmed Combat
 22430 | Swamp:1  | Got a distressingly furry plate armour
 22434 | Swamp:1  | Got a clouded copper ring
 22436 | Swamp:1  | Identified the ring of Equilibrium {MP+9 Int+6} (You found
                  | it on level 1 of the Swamp)
 22453 | Swamp:1  | Identified the cursed +0 plate armour "Domn" {*Contam rF++}
                  | (You found it on level 1 of the Swamp)
 22780 | Swamp:1  | Identified Roxanne's Disquisition on Transformation
 22780 | Swamp:1  | Noticed Roxanne
 23340 | Swamp:2  | Reached XP level 17. HP: 152/152 MP: 23/23
 23550 | Swamp:2  | Noticed a tentacled monstrosity
 23564 | Swamp:2  | Killed a tentacled monstrosity
 23865 | Swamp:3  | Found a shimmering altar of Xom.
 24612 | Swamp:4  | Entered Level 4 of the Swamp
 24634 | Swamp:4  | Noticed Aizul
 24641 | Swamp:4  | Killed Aizul
 25495 | Swamp:4  | Got a decaying rune of Zot
 25733 | Snake:1  | Entered Level 1 of the Snake Pit
 25796 | Snake:1  | Reached skill level 21 in Unarmed Combat
 26196 | Snake:1  | Reached skill level 15 in Fighting
 26306 | Snake:1  | Reached XP level 18. HP: 163/163 MP: 25/25
 26457 | Snake:2  | Got a steaming cloak
 26483 | Snake:2  | Identified the +1 cloak of Purpose {+Fly Int+5} (You found
                  | it on level 2 of the Snake Pit)
 26536 | Snake:2  | Noticed Vashnia
 26575 | Snake:2  | HP: 4/163 [Vashnia/arrow (30)]
 26582 | Snake:2  | Killed Vashnia
 26606 | Snake:2  | HP: 7/163 [naga sharpshooter/bolt[Vashnia] (11)]
 26775 | Snake:2  | Noticed Donald
 26785 | Snake:2  | Killed Donald
 27566 | Snake:4  | Entered Level 4 of the Snake Pit
 28700 | Snake:4  | Reached XP level 19. HP: 172/172 MP: 27/27
 28747 | Snake:4  | Reached skill level 22 in Unarmed Combat
 29007 | Snake:4  | Got a serpentine rune of Zot
 29511 | Snake:4  | Reached skill level 10 in Shields
 30291 | Vaults:1 | Entered Level 1 of the Vaults
 31099 | Vaults:1 | Reached XP level 20. HP: 182/182 MP: 28/28
 32007 | Vaults:2 | Found a portal to a secret trove of treasure.
 32022 | Vaults:2 | You paid a toll of 16 scrolls of teleportation to enter a
                  | treasure trove
 32023 | Trove    | Entered a treasure trove
 32036 | Trove    | Identified Sif Muna's Spellcasting, Part One
 32078 | Trove    | Identified Wasoar's Papyrus of Displaced Confrontation
 32084 | Trove    | Identified Sif Muna's Grimoire of Sinister Magic and
                  | Attacks
 32150 | Vaults:2 | Found Kutehok's Food Emporium.
 32165 | Vaults:2 | Reached skill level 23 in Unarmed Combat
 32376 | Vaults:2 | Found a runed translucent gate.
 32376 | Vaults:2 | Found a runed translucent gate.
 32376 | Vaults:2 | Found a runed translucent gate.
 32377 | Vaults:2 | Noticed Xeplikar's ghost (adept GnWn)
 32755 | Vaults:2 | Found a staircase to the Crypt.
 33415 | Vaults:3 | Found Raodir's Weapon Emporium.
 33729 | Vaults:3 | Found Goti's General Store.
 33729 | Vaults:3 | Found Emanil Boty's Food Emporium.
 33752 | Vaults:3 | Bought a scroll of blinking for 90 gold pieces
 34117 | Vaults:3 | Found Regek's Distillery.
 34144 | Vaults:3 | Bought a potion of heal wounds for 105 gold pieces
 34144 | Vaults:3 | Bought a potion of curing for 63 gold pieces
 34144 | Vaults:3 | Bought 2 potions of curing for 126 gold pieces
 34144 | Vaults:3 | Bought a potion of curing for 63 gold pieces
 34144 | Vaults:3 | Bought a potion of agility for 84 gold pieces
 34668 | Vaults:4 | Reached skill level 5 in Dodging
 34792 | Vaults:4 | Reached XP level 21. HP: 176/191 MP: 30/30
 34869 | Vaults:4 | Found Quck's Food Shoppe.
 36199 | Vaults:5 | Entered Level 5 of the Vaults
 36199 | Vaults:5 | Noticed a golden dragon
 36206 | Vaults:4 | Reached skill level 15 in Invocations
 36280 | Vaults:5 | Noticed an ancient lich
 36296 | Vaults:5 | Reached skill level 24 in Unarmed Combat
 36306 | Vaults:5 | Killed an ancient lich
 36306 | Vaults:5 | Reached XP level 22. HP: 127/202 MP: 32/32
 36343 | Vaults:5 | Identified the +9 whip "Umupseb" {drain, rC+}
 36345 | Vaults:5 | Identified the +6 long sword "Death Rattle" {freeze, MR-
                  | Str+3}
 36394 | Vaults:5 | Got a silver rune of Zot
 36400 | Vaults:5 | Identified the Almanac of Earthen Curses
 36593 | Vaults:5 | Identified the cursed +2 flail of Cudiutomm {crush, *Rage
                  | rElec rF- Int+10}
 36909 | Vaults:5 | Identified the +4 quarterstaff of Joyful Slaughter
                  | {antimagic, rF+ rC++}
 37026 | Vaults:5 | Identified the +4 falchion of the Desert {antimagic, rN+}
 37074 | Vaults:5 | Reached skill level 15 in Armour
 37112 | Vaults:5 | Noticed a golden dragon
 37161 | Vaults:5 | Killed a golden dragon
 37265 | Vaults:5 | Identified the +5 trident of the Fray {flame, *Slow +Rage
                  | Dex+7}
 37265 | Vaults:5 | Identified the +3 shield "Kiumoubyc" {Stlth+}
 37333 | Vaults:5 | Killed a golden dragon
 37511 | Vaults:5 | Noticed an ancient lich
 37526 | Vaults:5 | Killed an ancient lich
 37575 | Vaults:5 | Reached XP level 23. HP: 160/212 MP: 33/33
 38097 | Vaults:5 | Reached skill level 25 in Unarmed Combat
 38726 | Elf:1    | Entered Level 1 of the Elven Halls
 39406 | Elf:1    | Identified a scroll of acquirement
 39429 | Elf:1    | Got a coiled ivory ring
 39431 | Elf:1    | Identified the ring "Vuqongong" {EV+5 Str+4 Dex+6 SInv}
                  | (You acquired it on level 1 of the Elven Halls)
 40402 | Elf:2    | Found a runed translucent gate.
 40402 | Elf:2    | Found a runed translucent gate.
 40402 | Elf:2    | Found a runed translucent gate.
 40448 | Elf:2    | Noticed Nikola
 40495 | Elf:2    | Killed Nikola
 40540 | Elf:2    | Reached XP level 24. HP: 54/225 MP: 33/33
 40767 | Elf:2    | Reached skill level 10 in Evocations
 41021 | Elf:3    | Entered Level 3 of the Elven Halls
 41120 | Elf:3    | Found a frozen archway.
 41135 | IceCv    | Entered an ice cave
 41614 | IceCv    | Got a pitted hat
 41634 | IceCv    | Identified the cursed -3 hat of Follow the Leader {+Fly}
                  | (You found it in an ice cave)
 41975 | Elf:3    | Reached XP level 25. HP: 234/234 MP: 33/33
 42370 | Elf:3    | Reached skill level 26 in Unarmed Combat
 42596 | Elf:3    | Identified the Guide on Entrancing Evil Arts
 42603 | Elf:3    | Got a shimmering pewter ring
 42605 | Elf:3    | Identified the ring of Tender Moments {rPois rF+ Str+2
                  | Slay+2} (You found it on level 3 of the Elven Halls)
 42698 | Elf:3    | Identified the Incunabulum of Lucky Sinister Rites
 42700 | Elf:3    | Identified the Collected Works on Air
 42704 | Elf:3    | Got a shimmering hand crossbow
 42706 | Elf:3    | Identified the +3 hand crossbow of Duty {elec, Str+6} (You
                  | found it on level 3 of the Elven Halls)
 43531 | Vaults:2 | Got a faintly glowing helmet
 43697 | D:13     | Identified the +2 helmet of Sethirach {rF+} (You found it
                  | on level 2 of the Vaults)
 43866 | Slime:1  | Entered Level 1 of the Pits of Slime
 44136 | Crypt:1  | Entered Level 1 of the Crypt
 44285 | Crypt:1  | Noticed Mara
 44318 | Crypt:1  | Noticed erloom's illusion
 44355 | Crypt:1  | Noticed erloom's illusion
 44374 | Crypt:1  | Noticed erloom's illusion
 44376 | Crypt:1  | Killed Mara
 44662 | Crypt:1  | Noticed Nimomuku's ghost (adept GrFi)
 44672 | Crypt:1  | Found a runed translucent gate.
 44672 | Crypt:1  | Found a runed translucent gate.
 44675 | Crypt:1  | Found a runed translucent gate.
 44715 | Crypt:1  | Killed Nimomuku's ghost
 44736 | Crypt:1  | Reached XP level 26. HP: 240/240 MP: 33/33
 45827 | Crypt:3  | Entered Level 3 of the Crypt
 46188 | Crypt:3  | Found a staircase to the Tomb.
 46270 | Crypt:3  | Reached skill level 27 in Unarmed Combat
 46355 | Crypt:3  | Identified the ring of Billubb {*Corrode rPois rN+ MR+++
                  | Dex+2}
 46489 | Crypt:3  | Found a runed translucent door.
 46490 | Crypt:3  | Noticed Jyumazes's ghost (adept GrFi)
 46520 | Crypt:3  | Killed Jyumazes's ghost
 46958 | Crypt:3  | Noticed an ancient lich
 46958 | Crypt:3  | Noticed an ancient lich
 46970 | Crypt:3  | Killed an ancient lich
 46980 | Crypt:3  | Noticed an ancient lich
 47024 | Crypt:3  | Killed an ancient lich
 47042 | Crypt:3  | Reached skill level 15 in Shields
 47060 | Crypt:3  | Killed an ancient lich
 47066 | Crypt:3  | Got a steaming ivory amulet
 47069 | Crypt:3  | Got a slimy large shield
 47071 | Crypt:3  | Identified the +5 large shield of Beogh's Supremacy {rC+
                  | MP+9 Int+3} (You found it on level 3 of the Crypt)
 47084 | Crypt:3  | Identified the amulet of the Sky {Reflect rElec rF+ rN+
                  | MP-9 SH+2} (You found it on level 3 of the Crypt)
 47090 | Crypt:3  | Got a scorched lapis lazuli ring
 47094 | Crypt:3  | Got a brightly glowing platinum ring
 47098 | Crypt:3  | Got a slimy lapis lazuli ring
 47101 | Crypt:3  | Identified the ring of Rauf {rF+ MR+++ Dex-3 SInv Stlth+}
                  | (You found it on level 3 of the Crypt)
 47102 | Crypt:3  | Identified the ring "Qirch" {+Fly rF- rN+ Str+2 Int+3 SInv}
                  | (You found it on level 3 of the Crypt)
 47103 | Crypt:3  | Identified the ring of the Many Blessings {rN+ Dex+4} (You
                  | found it on level 3 of the Crypt)
 47118 | Crypt:3  | Got a warped silver ring
 47120 | Crypt:3  | Identified the ring "Lirypsao" {Dex+6 Stlth+} (You found it
                  | on level 3 of the Crypt)
 47127 | Crypt:3  | Identified the Catalogue of the Twisted Mountains
 47474 | Depths:1 | Entered Level 1 of the Depths
 47764 | Depths:1 | Found a gateway to Hell.
 48176 | Depths:1 | Found a gateway to a ziggurat.
 48197 | Depths:1 | Reached XP level 27. HP: 254/254 MP: 34/34
 48349 | Depths:1 | Found a one-way gate to the infinite horrors of the Abyss.
 48368 | Depths:1 | Voluntarily entered the Abyss.
 48439 | Abyss:2  | Found a corrupted altar of Lugonu.
 48449 | Abyss:2  | Paralysed by accursed screaming for 1 turns
 48463 | Abyss:2  | Paralysed by accursed screaming for 1 turns
 48659 | Abyss:3  | Found a corrupted altar of Lugonu.
 48736 | Abyss:3  | Paralysed by accursed screaming for 1 turns
 48742 | Abyss:3  | Paralysed by accursed screaming for 1 turns
 48748 | Abyss:3  | Got an abyssal rune of Zot
 48754 | Abyss:3  | Paralysed by accursed screaming for 1 turns
 48789 | Depths:1 | Escaped the Abyss
 49501 | Depths:3 | Found a shimmering altar of Xom.
 49587 | Depths:3 | Learned a level 1 spell: Summon Butterflies
 49591 | Depths:3 | Learned a level 3 spell: Regeneration
 49594 | Depths:3 | Learned a level 2 spell: Song of Slaying
 49597 | Depths:3 | Learned a level 2 spell: Swiftness
 49689 | Depths:3 | Found a one-way gate leading to the halls of Pandemonium.
 49738 | Depths:3 | Reached skill level 1 in Necromancy
 49786 | Depths:3 | Reached skill level 1 in Spellcasting
 50225 | Depths:2 | Identified the +10 war axe of Ungolom {freeze, rPois rC+++
                  | Dex-2 SInv}
 50243 | Depths:2 | Noticed a juggernaut
 50260 | Depths:2 | Killed a juggernaut
 51376 | Depths:3 | Found a deep blue altar of Sif Muna.
 51458 | Depths:3 | Identified Noox's Reference Book on Heat and Orientation
 51559 | Depths:3 | Identified Sif Muna's Grimoire of Venom and Arcane Weapons
 51570 | Depths:3 | Identified the Disquisition on Enchanting Stones
 51913 | Depths:4 | Reached skill level 1 in Charms
 51958 | Depths:4 | Reached skill level 5 in Necromancy
 52429 | Depths:4 | Found a stormy altar of Qazlal.
 52441 | Depths:4 | Reached skill level 5 in Spellcasting
 52494 | Depths:5 | Entered Level 5 of the Depths
 52642 | Hell     | Entered the Vestibule of Hell
 52642 | Hell     | Noticed Geryon
 52679 | Depths:4 | Reached skill level 5 in Charms
 53122 | Hell     | Found a gateway to the decaying netherworld of Tartarus.
 53122 | Hell     | Noticed an ancient lich
 53134 | Hell     | Killed an ancient lich
 53283 | Hell     | Found a gateway to the ashen valley of Gehenna.
 53338 | Hell     | Found a gateway to the Iron City of Dis.
 53454 | Hell     | Killed Geryon
 53519 | Hell     | Found a gateway to the freezing wastes of Cocytus.
 53883 | Depths:5 | Noticed a juggernaut
 53889 | Depths:5 | Killed a juggernaut
 53960 | Depths:5 | Identified the ring of Beogh's Anger {rC+ AC+3} (You found
                  | it on level 5 of the Depths)
 53994 | Depths:5 | Identified the ring of Tuatitz {*Slow rN+ Str+6 SInv} (You
                  | found it on level 5 of the Depths)
 53997 | Depths:5 | Identified the +4 faerie dragon scales {rPois rCorr Int+2}
 53997 | Depths:5 | Noticed the Enchantress
 54042 | Depths:5 | Killed the Enchantress
 54261 | Depths:5 | Noticed Margery
 54270 | Depths:5 | Killed Margery
 54282 | Depths:5 | Paralysed by a floating eye for 4 turns
 54293 | Depths:5 | Paralysed by a floating eye for 3 turns
 54407 | Depths:5 | Found a gate to the Realm of Zot.
 54490 | Depths:5 | Got a steaming wooden ring
 54491 | Depths:5 | Identified the ring "Cepux" {rC+ MR+ rCorr Int+3 Dex+4}
                  | (You found it on level 5 of the Depths)
 54511 | Depths:5 | Found Papsyip's Armour Emporium.
 54748 | Depths:5 | Reached skill level 10 in Dodging
 54820 | Depths:5 | Found Lifal's Antique Armour Emporium.
 54839 | Depths:5 | Bought a pair of glowing boots for 225 gold pieces
 54926 | Depths:5 | Got a clouded bone ring
 54927 | Depths:5 | Identified the ring "Trusted Companion" {rC+ MR+ Str+2
                  | Int+4} (You found it on level 5 of the Depths)
 55000 | Depths:5 | Identified the +2 pair of boots "Lylugu" {rF++ Str+2 Dex+2
                  | Slay+2} (You found it on level 5 of the Depths)
 56651 | Slime:5  | Entered Level 5 of the Pits of Slime
 56772 | Slime:5  | Found a viscous altar of Jiyva.
 56772 | Slime:5  | Noticed the Royal Jelly
 56788 | Slime:5  | Killed the Royal Jelly
 56801 | Slime:5  | Reached skill level 10 in Charms
 56907 | Slime:5  | Identified Suahuur's Grimoire of the Virous Traveller
 56922 | Slime:5  | Got a slimy rune of Zot
 57511 | Tomb:1   | Entered Level 1 of the Tomb of the Ancients
 57895 | Tomb:1   | Noticed a greater mummy
 57918 | Tomb:1   | Killed a greater mummy
 57955 | Tomb:1   | Noticed a greater mummy
 58302 | Tomb:1   | Killed a greater mummy
 58402 | Tomb:1   | Identified the Grimoire of Air and Calling
 58690 | Tomb:2   | Noticed a greater mummy
 58691 | Tomb:2   | Noticed a greater mummy
 58691 | Tomb:2   | Noticed a greater mummy
 58722 | Tomb:2   | Noticed a greater mummy
 58725 | Tomb:2   | Noticed a greater mummy
 58729 | Tomb:2   | Noticed a greater mummy
 58742 | Tomb:2   | Killed a greater mummy
 58745 | Tomb:2   | Noticed Khufu
 58746 | Tomb:2   | Killed a greater mummy
 58751 | Tomb:2   | Killed a greater mummy
 58751 | Tomb:2   | Killed a greater mummy
 58751 | Tomb:2   | Reached skill level 10 in Spellcasting
 58751 | Tomb:2   | Killed a greater mummy
 58764 | Tomb:2   | Killed Khufu
 58772 | Tomb:2   | Killed a greater mummy
 59126 | Tomb:1   | Noticed a greater mummy
 59127 | Tomb:1   | Noticed a greater mummy
 59129 | Tomb:1   | Noticed a greater mummy
 59139 | Tomb:1   | Killed a greater mummy
 59147 | Tomb:1   | Killed a greater mummy
 59155 | Tomb:1   | Killed a greater mummy
 59161 | Tomb:1   | Noticed a greater mummy
 59168 | Tomb:1   | Noticed a greater mummy
 59169 | Tomb:1   | Killed a greater mummy
 59182 | Tomb:1   | Killed a greater mummy
 59198 | Tomb:1   | Noticed a greater mummy
 59207 | Tomb:1   | Killed a greater mummy
 59209 | Tomb:1   | Noticed a greater mummy
 59220 | Tomb:1   | Killed a greater mummy
 59261 | Tomb:1   | Noticed a greater mummy
 59273 | Tomb:1   | Noticed a greater mummy
 59288 | Tomb:1   | Killed a greater mummy
 59288 | Tomb:1   | Noticed a greater mummy
 59301 | Tomb:1   | Killed a greater mummy
 59312 | Tomb:1   | Killed a greater mummy
 59369 | Tomb:1   | Noticed a greater mummy
 59384 | Tomb:1   | Killed a greater mummy
 59400 | Tomb:1   | Noticed a greater mummy
 59402 | Tomb:1   | Noticed a greater mummy
 59418 | Tomb:1   | Killed a greater mummy
 59435 | Tomb:1   | Killed a greater mummy
 59455 | Tomb:1   | Noticed a greater mummy
 59462 | Tomb:1   | Killed a greater mummy
 59490 | Tomb:1   | Noticed a greater mummy
 59506 | Tomb:1   | Killed a greater mummy
 59770 | Tomb:3   | Entered Level 3 of the Tomb of the Ancients
 59804 | Tomb:3   | Found the +7 sceptre of Torment {pain, torment}
 59808 | Tomb:3   | Noticed a greater mummy
 59813 | Tomb:3   | Noticed a greater mummy
 59813 | Tomb:3   | Noticed a greater mummy
 59813 | Tomb:3   | Noticed a greater mummy
 59816 | Tomb:3   | Noticed a greater mummy
 59816 | Tomb:3   | HP: 10/263 [death scarab (10)]
 59818 | Tomb:3   | Noticed an ancient lich
 59818 | Tomb:3   | Slain by a bennu

Levels and vault maps discovered:
D:1:      lemuel_arrival_hallway, layout_basic
D:2:      layout_basic, fedhas_ov_isle_minmay, minmay_statues_item
D:3:      layout_basic
D:4:      layout_layer_cave
D:5:      layout_loops_cross, overflow_temple_1_default, first_ration,
          grunt_gozag_breadcrumbs, uniq_crazy_yiuf_cottage
D:6:      layout_rooms, okawaru_metal_pillars_1_2
D:7:      layout_basic, minmay_temple_entry_enclosed_plants
D:8:      layout_gridville, grunt_pizzeria, disabler_island
D:9:      layout_irregular_city, nicolae_overflow_hidden_temple,
          grunt_decor_fettered, uniq_joseph, uniq_grum, uniq_psyche
D:10:     layout_basic, minmay_guarded_unrand_vampires_tooth
D:11:     layout_roguey, dpeg_lair_monsters, minmay_tree_intersection,
          wad_dig_loot
D:12:     layout_rooms, minmay_orc_entry_temple_small, gammafunk_ghost_grave
D:13:     layout_basic, grunt_vaults_entry_fortified
D:14:     layout_small_grid, grunt_dithmenos_shadows, minmay_misc_feat_rugged
D:15:     grunt_enter_depths_snipers, layout_irregular_city,
          gammafunk_ghost_split, uniq_azrael, uniq_rupert, uniq_louise
Temple:   eino_narrow_crystal_temple
Lair:1:   layout_gridlike, gauntlet_entry_generic,
          nicolae_quartered_pool_little, st_stairs_3, lemuel_fruit_tree
Lair:2:   layout_long_grid, minmay_swamp_entry_worms,
          minmay_snake_entry_guardpost_large
Lair:3:   lemuel_slime, layout_loops_ring
Lair:4:   layout_hall_layers, minmay_lair_oklob_chamber,
          infiniplex_staircase_pool_2, grunt_megastairs_2, uniq_nergalle,
          uniq_nessos
Lair:5:   layout_regular_city, serial_bayou_pond_d, grunt_megastairs_4
Lair:6:   minmay_lair_end_enchanted_forest, layout_long_grid, slime_altar_1,
          gammafunk_ghost_icy, grunt_megastairs_1, uniq_kirke
Swamp:1:  gammafunk_mikee_crab_dinner, layout_basic_swamp,
          evilmike_swamp_ruin_rubble_2, uniq_roxanne
Swamp:2:  layout_basic_swamp, evilmike_swamp_ruin_house_1, swamp_pool4
Swamp:3:  layout_falls_marsh, nicolae_swamp_feature_on_the_river_bank,
          swamp_pool4
Swamp:4:  swamp_basic_johnstein, layout_basic_swamp, swamp_pool1, uniq_aizul
Snake:1:  layout_concentric_octagons, guppyfry_snake_island
Snake:2:  layout_misc_corridors, special_room, uniq_donald, uniq_vashnia
Snake:3:  layout_onion_interference
Snake:4:  grunt_snake_rune_spirals, layout_onion_interference
Slime:1:  layout_caves
Slime:2:  layout_caves
Slime:3:  layout_caves
Slime:4:  cheibrodos_slime_lost_civilization_9, layout_caves
Slime:5
Orc:1:    layout_caves, serial_shops, nicolae_shop_overgrown_old_shop
Orc:2:    pubby_orc_utopia
Elf:1:    elf_arrival_002, layout_onion_city, minmay_elf_crystal_hexagon,
          minmay_crystal_room
Elf:2:    layout_rooms, uniq_nikola
Elf:3:    minmay_elf_hall_spiked, layout_geoelf_castle,
          portal_ice_cave_entry_pillars_2
Vaults:1: vaults_room_fours, vaults_room_pools, v_alt_pattern_4,
          nicolae_vaults_asterisk, v_misc_2, vaults_mumra_hex,
          vaults_room_semicircle, nicolae_vaults_statue_guard,
          layout_vaults_omnigrid
Vaults:2: gammafunk_vaults_ghost_tricky_traps, nicolae_vaults_little_squares_6,
          vaults_room_pools, ontoclasm_vaults_pinch, nicolae_vaults_little_ls,
          v_misc_24, minmay_crypt_entry_vampire_xt,
          nicolae_vaults_little_squares_2, v_rooms_4,
          nicolae_vaults_little_squares_2, nicolae_vaults_asterisk,
          vaults_standard_mumra_x, vaults_room_door_ring, vaults_dpeg_cross,
          vaults_dpeg_ring, layout_vaults_omnicross, serial_shops, shop,
          nicolae_trove_entry_crossroad
Vaults:3: grunt_vaults_funnel, v_misc_24, v_misc_33, vaults_room_large_hall,
          nicolae_vaults_circle_grid_a, v_misc_25, hangedman_vaults_locks,
          grunt_vaults_hallway_long, v_misc_13, dpeg_vaults_monster_box,
          ontoclasm_vaults_chip, grunt_vaults_hallway_short, vaults_dpeg_hooks,
          nicolae_vaults_asterisk, layout_vaults_omnibox, serial_shops,
          nicolae_shop_trees, shop, shop, shop
Vaults:4: v_alt_pattern_6, nicolae_vaults_sealed_display, vaults_dpeg_diagonal,
          hangedman_vaults_impose, st_star, vaults_room_fancy_cross,
          nicolae_vaults_circle_grid_b, hangedman_vaults_pinch, v_alt_pattern_2,
          vaults_room_ringed_pool, v_misc_28, hangedman_vaults_restitches,
          layout_vaults_maze, serial_shops, shop
Vaults:5: serial_shops
Crypt:1:  layout_chaotic_city, gammafunk_ghost_split, feat_on_display,
          grunt_crypt_arrival_guarded_gate, uniq_mara
Crypt:2:  layout_gridlike
Crypt:3:  david_glass_crypt, layout_misc_corridors,
          nicolae_tomb_entry_grand_gallery, ebering_ghost_inner_flame,
          chequers_big_river
Tomb:1
Tomb:2:   uniq_khufu
Tomb:3
Depths:1: layout_honeycomb, enter_ziggurat_b, hellmouth_1,
          minmay_misc_feat_hallway, abyss_entry,
          hangedman_abyss_or_decor_stagger, dispersion_dpeg
Depths:2: kennysheep_four_of_diamonds, layout_cave_pools, lightli_too_deep,
          abyss_entry, kennysheep_doodads, infiniplex_staircase_pillars_2
Depths:3: evilmike_library_of_no_secrets, layout_basic, hell_entry,
          hangedman_abyss_entry_splay, grunt_pan_entry_spiral, xom_teletrap_fun
Depths:4: regret_index_qazlal_generations, layout_basic, kennysheep_nondescript,
          abyss_entry, hangedman_geh_valley, minmay_misc_feat_nine_boxes,
          serial_sigils_hangedman_writhe, minmay_staircase_windowed_small
Depths:5: hangedman_spin_cycle, abyss_entry, pan_entry, hell_entry,
          uniq_enchantress
Hell

Skill      XL: |  1  2  3  4  5  6  7  8  9 10 11 12 13 14 15 16 17 18 19 20 21 22 23 24 25 26 27 |
---------------+----------------------------------------------------------------------------------+-----
Unarmed Combat | 4 5 6 7 9 11 12 14 16 17 18 19 20 21 22 23 24 25 26 27 | 27.0
Fighting       | 4 5 6 7 8 9 10 11 12 13 14 15 16 17 18 19 20 21 22 25 | 25.0
Armour         | 1 2 4 5 6 8 9 10 11 12 13 14 15 16 17 18 21 | 21.4
Invocations    | 2 4 5 6 8 9 10 11 12 13 15 17 | 17.0
Evocations     | 2 4 5 6 7 8 9 10 12 | 12.8
Dodging        | 3 5 6 7 12 | 12.8
Shields        | 3 5 7 8 9 10 11 12 13 14 15 18 | 18.7
Necromancy     | 5 |  5.0
Spellcasting   | 10 | 10.0
Charms         | 10 | 10.0
Stealth        | |  2.1

Action                   |  1- 3 |  4- 6 |  7- 9 | 10-12 | 13-15 | 16-18 | 19-21 | 22-24 | 25-27 || total
-------------------------+-------+-------+-------+-------+-------+-------+-------+-------+-------++-------
Melee: Unarmed           |    65 |   238 |   333 |   831 |  1602 |  1507 |  1783 |  1340 |  4311 || 12010
       Punch             |       |     4 |    12 |    39 |    31 |       |       |       |       ||    86
Throw: Throwing net      |       |       |       |       |       |       |       |       |     2 ||     2
Invok: Lesser Servant of |       |       |       |     6 |     6 |     8 |       |       |       ||    20
       Greater Servant o |       |       |       |       |       |       |     5 |     1 |       ||     6
Evoke: Wand              |       |       |       |     5 |    16 |     6 |     1 |       |     3 ||    31
       Lightning rod     |       |       |       |       |     4 |       |     2 |       |     2 ||     8
       Lamp of fire      |       |       |       |       |       |       |     1 |       |     7 ||     8
       Figurine of a zig |       |       |       |       |       |       |       |       |     1 ||     1
  Use: Scroll            |       |    11 |       |    13 |    11 |     5 |     3 |    21 |    30 ||    94
       Potion            |       |       |       |    10 |     3 |     5 |     1 |     1 |     5 ||    25
 Stab: Sleeping          |     1 |       |       |       |       |       |       |       |       ||     1
       Invisible         |       |       |       |     5 |       |       |       |       |       ||     5
       Distracted        |       |       |       |     1 |     2 |     4 |       |     4 |       ||    11
       Confused          |       |       |       |       |       |     3 |       |       |       ||     3
  Eat: Chunk             |     7 |    32 |    22 |    51 |   105 |    80 |    54 |    41 |    56 ||   448
       Ration            |       |       |       |       |       |       |     1 |       |    10 ||    11
Armor: Scale mail        |    12 |    25 |       |     1 |   418 |       |       |       |       ||   456
       Chain mail        |       |    61 |   147 |    72 |   122 |   540 |   449 |   113 |       ||  1504
       Plate armour      |       |       |       |   239 |       |       |       |       |       ||   239
       Ring mail         |       |       |       |    32 |       |       |       |       |       ||    32
       Gold dragon scale |       |       |       |       |       |       |       |   405 |  1460 ||  1865
Dodge: Dodged            |    27 |    81 |    70 |   221 |   316 |   183 |   200 |   130 |   897 ||  2125
Block: Other             |     7 |    52 |    54 |   119 |    76 |       |       |       |       ||   308
       Reflection        |       |     1 |     3 |     5 |    38 |   135 |   101 |   128 |    99 ||   510
       Large shield      |       |       |       |       |   934 |  1300 |  1366 |  1150 |  4314 ||  9064

Table legend:
 A = Non-vault XP
 B = Vault XP
 C = Vault XP percentage of total XP
 D = Non-vault monster count
 E = Vault monster count
 F = Vault count percentage of total count
                 A         B        C        D         E       F
            +---------+---------+-------+---------+---------+-------
      Total |  771093 | 1099577 |  58.8 |    1629 |    1273 |  43.9
            +---------+---------+-------+---------+---------+-------
        D:1 |      24 |       0 |   0.0 |      11 |       0 |   0.0
        D:2 |      12 |       0 |   0.0 |       8 |       0 |   0.0
        D:3 |     342 |       0 |   0.0 |      41 |       0 |   0.0
        D:4 |     132 |       0 |   0.0 |      12 |       0 |   0.0
        D:5 |     962 |      39 |   3.9 |      22 |       1 |   4.3
        D:6 |    1592 |       0 |   0.0 |      29 |       0 |   0.0
        D:7 |    1953 |       0 |   0.0 |      32 |       0 |   0.0
        D:8 |    1767 |     196 |  10.0 |      26 |       1 |   3.7
        D:9 |     807 |    1592 |  66.4 |      14 |       7 |  33.3
       D:10 |    1822 |    1822 |  50.0 |      31 |       8 |  20.5
       D:11 |    5074 |    2636 |  34.2 |      38 |       8 |  17.4
       D:12 |    3142 |    1279 |  28.9 |      18 |      10 |  35.7
       D:13 |   10837 |    7237 |  40.0 |      33 |      10 |  23.3
       D:14 |    6867 |     208 |   2.9 |      19 |       1 |   5.0
       D:15 |    7897 |   15855 |  66.8 |      27 |      19 |  41.3
     Lair:1 |    3419 |     157 |   4.4 |      17 |       1 |   5.6
     Lair:2 |    3890 |    1485 |  27.6 |      14 |       9 |  39.1
     Lair:3 |    3493 |     796 |  18.6 |      17 |      17 |  50.0
     Lair:4 |    6509 |    2711 |  29.4 |      22 |       6 |  21.4
     Lair:5 |    2830 |    3526 |  55.5 |      16 |       8 |  33.3
     Lair:6 |   10155 |   15230 |  60.0 |      36 |      56 |  60.9
    Swamp:1 |    7928 |    9489 |  54.5 |      18 |      14 |  43.8
    Swamp:2 |   13426 |       0 |   0.0 |      28 |       0 |   0.0
    Swamp:3 |   14243 |       0 |   0.0 |      27 |       0 |   0.0
    Swamp:4 |    4636 |   23673 |  83.6 |      10 |      33 |  76.7
    Snake:1 |   14425 |     904 |   5.9 |      31 |       2 |   6.1
    Snake:2 |    5414 |    9413 |  63.5 |      10 |       6 |  37.5
    Snake:3 |    5988 |       0 |   0.0 |      15 |       0 |   0.0
    Snake:4 |   25830 |   62320 |  70.7 |      49 |      93 |  65.5
    Slime:1 |   10628 |       0 |   0.0 |      21 |       0 |   0.0
    Slime:2 |   16384 |       0 |   0.0 |      18 |       0 |   0.0
    Slime:3 |    8779 |       0 |   0.0 |      18 |       0 |   0.0
    Slime:4 |   28132 |    2445 |   8.0 |      41 |       1 |   2.4
    Slime:5 |   15879 |   29939 |  65.3 |      15 |      11 |  42.3
      Orc:1 |    3612 |       0 |   0.0 |      17 |       0 |   0.0
      Orc:2 |     871 |   18897 |  95.6 |      10 |     147 |  93.6
      Elf:1 |   30246 |    6173 |  16.9 |      46 |      12 |  20.7
      Elf:2 |   21399 |   23943 |  52.8 |      37 |      27 |  42.2
      Elf:3 |   20808 |   44294 |  68.0 |      32 |      33 |  50.8
   Vaults:1 |   43178 |   18041 |  29.5 |      67 |      21 |  23.9
   Vaults:2 |   14552 |   24492 |  62.7 |      32 |      29 |  47.5
   Vaults:3 |   27684 |   11231 |  28.9 |      46 |      17 |  27.0
   Vaults:4 |   50198 |   41442 |  45.2 |      70 |      43 |  38.1
   Vaults:5 |   35594 |  149460 |  80.8 |      56 |      96 |  63.2
    Crypt:1 |   29448 |   20397 |  40.9 |      54 |      10 |  15.6
    Crypt:2 |   26056 |       0 |   0.0 |      40 |       0 |   0.0
    Crypt:3 |   32906 |   48925 |  59.8 |      38 |      26 |  40.6
     Tomb:1 |   15037 |  133078 |  89.8 |      36 |      68 |  65.4
     Tomb:2 |    8275 |   79272 |  90.5 |      18 |      71 |  79.8
     Tomb:3 |       0 |   13437 | 100.0 |       0 |      15 | 100.0
   Depths:1 |   43309 |    9891 |  18.6 |      63 |       6 |   8.7
   Depths:2 |   31824 |   30941 |  49.3 |      43 |      18 |  29.5
   Depths:3 |   21697 |   23878 |  52.4 |      23 |      34 |  59.6
   Depths:4 |   30452 |   48092 |  61.2 |      44 |      39 |  47.0
   Depths:5 |     829 |  111879 |  99.3 |       3 |     111 |  97.4
       Hell |   24735 |   30119 |  54.9 |      30 |      46 |  60.5
    Abyss:2 |    4490 |       0 |   0.0 |      17 |       0 |   0.0
    Abyss:3 |    8675 |    5593 |  39.2 |      23 |      10 |  30.3
      IceCv |       0 |    8866 | 100.0 |       0 |      53 | 100.0
   Gauntlet |       0 |    4284 | 100.0 |       0 |      19 | 100.0
            +---------+---------+-------+---------+---------+-------
